 Dungeon Crawl Stone Soup version 0.18-a0-971-g0af6217 (webtiles) character file.

567 M4edhros the Sneak (level 7, -3/43 HPs)
             Began as an Octopode Artificer on Jan 2, 2016.
             Killed by divine providence
             ... invoked by an orc priest
              (16 damage)
             ... on level 5 of the Dungeon.
             The game lasted 00:07:08 (3216 turns).

M4edhros the Sneak (Octopode Artificer)             Turns: 3216, Time: 00:07:08

Health: -3/43      AC:  1    Str: 15    XL:     7   Next: 33%
Magic:  19/19      EV: 20    Int: 21    God:
Gold:   173        SH:  0    Dex: 18    Spells: 0 memorised, 6 levels left

rFire  . . .     SeeInvis .     r - +3 rapier
rCold  . . .     Gourm    .     (no shield)
rNeg   . . .     Faith    .     (helmet restricted)
rPois  .         Spirit   .     h - amulet of harm
rElec  .         Dismiss  .     l - ring of magical power
rCorr  .         Reflect  .     (no ring)
SustAt .         Harm     +     (no ring)
MR     .....                    (no ring)
Stlth  ++++++....               (no ring)
                                (no ring)
                                (no ring)
                                (no ring)

@: mighty, brilliant, agile, not resistant to hostile enchantments, very
stealthy
A: almost no armour, amphibious, 8 rings, constrict 8, camouflage 1, gelatinous
body 1
a: no special abilities


You were on level 5 of the Dungeon.
You were not hungry.

You visited 1 branch of the dungeon, and saw 5 of its levels.
You also visited: Ossuary.

You collected 173 gold pieces.

Inventory:

Hand Weapons
 m - a +0 hunting sling
 p - a +1 dagger of pain
 r - a +3 rapier (weapon)
Missiles
 n - 87 stones (quivered)
 u - 13 sling bullets of frost
Jewellery
 h - an amulet of harm (around mantle)
 l - a ring of magical power (left tentacle)
 x - an uncursed ring of positive energy {unknown}
Wands
 b - a wand of flame (2/48)
 c - a wand of enslavement (15/24)
 d - a wand of random effects (13/48)
Scrolls
 a - 4 scrolls of immolation {unknown}
 e - 3 scrolls of remove curse {unknown}
 j - 3 scrolls of recharging {unknown}
 k - 2 scrolls of teleportation {unknown}
 o - 3 scrolls of fog {unknown}
 s - 2 scrolls of enchant armour {unknown}
 t - 4 scrolls of identify {unknown}
 w - a scroll of fear {unknown}
 E - 2 scrolls of random uselessness {unknown}
Potions
 i - a potion of brilliance
 v - a potion of curing
 A - 6 potions of poison {unknown}
 B - 3 potions of magic {unknown}
 C - a potion of degeneration {unknown}
 D - a potion of lignification {unknown}
Books
 y - a book of Conjurations

   Spells                             Type                      Level
   a - Magic Dart                     Conjuration                  1
   b - Searing Ray                    Conjuration                  2
   c - Dazzling Spray                 Conjuration/Hexes            3
   d - Fulminant Prism                Conjuration/Hexes            4
   e - Iskenderun's Mystic Blast      Conjuration                  4
   f - Iskenderun's Battlesphere      Conjuration/Charms           5
Comestibles
 f - 4 bread rations
 g - a meat ration
 F - 3 fruits


   Skills:
 - Level 1.0 Fighting
 - Level 1.0 Short Blades
 * Level 3.1 Slings
 * Level 4.7 Dodging
 * Level 5.8 Stealth
 + Level 4.7 Evocations


You had 6 spell levels left.
You didn't know any spells.

Dungeon Overview and Level Annotations

Branches:
Dungeon (5/15)
 Temple: D:4-7

Altars:
Kikubaaqudgha
Nemelex Xobeh

Annotations:
D:2 Terence
D:5 Blork the orc


Innate Abilities, Weirdness & Mutations

You cannot wear most types of armour.
You are amphibious.
You can wear up to eight rings at the same time.
You can use your tentacles to constrict eight enemies at once.
Your skin changes colour to match your surroundings (Stealth).
Your rubbery body absorbs attacks (AC +1).


Message History

The big kobold is almost dead.
You constrict the big kobold.
You kill the big kobold!
Your Slings skill increases to level 3!
The orc hits you with a short sword.
You barely miss the orc.
The orc priest shouts!
You grab the orc. You constrict the orc. The orc misses you.
The kobold misses you.
You puncture the kobold!
You kill the kobold!
You constrict the orc. The orc completely misses you.
You puncture the orc!
You kill the orc!
The kobold hits you with a short sword.
You closely miss the orc. Your grab misses the orc.
Your squeeze misses the orc. The kobold barely misses you. The orc misses you.
The orc priest calls down the wrath of Beogh upon you.
Something smites you!
You die...

#[# #.# ##...##
../ ..# #.. .o#
#.# #o# #.#.#o#
############.#.#@#
............K..#K#
......######Y###.#
#####.# #K# #.#
#.# #.# #.#
#.######K###.#
#.#......K...#
#.#.####.##### ...
#.#


You could see an orc priest, 2 orcs and a kobold.

Vanquished Creatures
  An ogre (D:5)
  A big kobold (D:5)
  A scorpion (D:4)
  2 crimson imps (D:5)
  2 centaur zombies
  An orc wizard (D:5)
  A hound (D:5)
  A worker ant (D:5)
  A big kobold zombie (Ossuary)
  4 mummies (Ossuary)
  A worker ant zombie (D:5)
  An adder (D:2)
  A giant gecko (D:1)
  5 orcs
  A ball python (D:4)
  A bat (D:2)
  A giant cockroach (D:1)
  A gnoll zombie (Ossuary)
  5 goblins
  5 hobgoblins
  5 jackals
  8 kobolds
  2 quokkas
  A giant cockroach zombie (D:5)
  3 giant newts
  A hobgoblin zombie (Ossuary)
  A jackal skeleton (D:5)
  2 kobold zombies (Ossuary)
  2 orc zombies (Ossuary)
  4 rats
66 creatures vanquished.

Vanquished Creatures (others)
  A human (D:4)
1 creature vanquished.

Grand Total: 67 creatures vanquished

Notes
Turn   | Place    | Note
--------------------------------------------------------------
     0 | D:1      | M4edhros the Octopode Artificer began the quest for the Orb.
     0 | D:1      | Reached XP level 1. HP: 13/13 MP: 3/3
   461 | D:1      | Reached XP level 2. HP: 8/18 MP: 4/4
  1100 | D:1      | Reached XP level 3. HP: 23/23 MP: 5/5
  1245 | D:2      | Noticed Terence
  1636 | D:3      | Reached skill level 4 in Evocations
  1636 | D:3      | Reached XP level 4. HP: 18/28 MP: 7/7
  2040 | D:4      | Reached skill level 1 in Slings
  2040 | D:4      | Reached XP level 5. HP: 11/33 MP: 8/8
  2089 | D:4      | Found an ancient bone altar of Kikubaaqudgha.
  2109 | D:4      | Noticed a human
  2111 | D:4      | Killed a human
  2396 | D:5      | Entered Level 5 of the Dungeon
  2446 | D:5      | Noticed an ogre
  2451 | D:5      | Killed an ogre
  2451 | D:5      | Reached XP level 6. HP: 38/38 MP: 9/9
  2475 | D:5      | Found a sand-covered staircase.
  2528 | D:5      | Reached skill level 5 in Stealth
  2556 | D:5      | Found a sparkling altar of Nemelex Xobeh.
  2633 | Ossuary  | Entered an ossuary
  3036 | D:5      | Reached XP level 7. HP: 43/43 MP: 10/10
  3066 | D:5      | Noticed Blork the orc
  3216 | D:5      | Killed from afar by an orc priest

Vault maps used:
D:1:      saegor_arrival_simple_b, minmay_misc_feat_doors, hex_large
D:2:      uniq_terence
D:3:      first_bread
D:4:      tgw_kikubaaqudgha
D:5:      nemelex_deck, enter_ossuary_2, uniq_blork_the_orc
Ossuary:  ossuary_crypta

Action                   |  1- 3 |  4- 6 |  7- 9 || total
-------------------------+-------+-------+-------++-------
Melee: Short sword       |    53 |       |       ||    53
       Rapier            |     6 |    51 |    13 ||    70
       Dagger            |     4 |       |       ||     4
 Fire: Hunting sling     |       |    10 |       ||    10
Evoke: Wand              |     3 |    12 |       ||    15
  Use: Potion            |       |       |     4 ||     4
 Stab: Sleeping          |     4 |    14 |     2 ||    20
  Eat: Chunk             |     2 |     3 |       ||     5
       Meat ration       |       |       |     1 ||     1
